 Dungeon Sprint DCSS version 0.23.0 (webtiles) character file.

Game seed: 17181254588673127018

67860 nuthulu the Gargoyle Aeon (level 15, -39/104 HPs)
             Began as a Gargoyle Fighter on Feb 18, 2019.
             Was the Champion of Cheibriados.
             Killed from afar by a purple draconian (49 damage)
             ... with a bolt of dispelling energy
             ... in the Dungeon (Sprint V: "Ziggurat Sprint").
             The game lasted 00:09:50 (1558 turns).

nuthulu the Gargoyle Aeon (Gargoyle Fighter)        Turns: 1558, Time: 00:09:50

Health: -39/104    AC: 51    Str: 39 (40) XL:     15   Next: 24%
Magic:  8/34       EV:  9    Int: 26      God:    Cheibriados [******]
Gold:   0          SH: 35    Dex: 29      Spells: 44/44 levels left

rFire    . . .     SeeInvis .   H - +6 shillelagh "Devastator" {shatter}
rCold    + + +     Gourm    .   G - +18 shield of the Gong {rElec rN+ MR+ EV-5}
rNeg     + + +     Faith    .   c - +27 Lear's hauberk
rPois    ∞         Spirit   .   (helmet currently unavailable)
rElec    +         Reflect  .   (no cloak)
rCorr    .         Harm     .   (gloves currently unavailable)
MR       ++...     NoTele   +   (boots currently unavailable)
Stlth    ..........             a - amulet of Symmetry {rPois rC++ Regen+}
HPRegen  0.67/turn              D - +6 ring of strength
MPRegen  0.24/turn              o - ring "Xountigg" {rC+++ rN+ Dex+4 Stlth-}

@: very slow
A: big wings, clumsy 1, deterioration 1, negative energy resistance 1,
electricity resistance, weak 1, unbreathing, petrification resistance, rot
immunity, AC +11
a: Fly, Bend Time, Temporal Distortion, Slouch, Step From Time, Renounce
Religion


You were in the Dungeon.
You worshipped Cheibriados.
Cheibriados was exalted by your worship.
You were not hungry.

You visited 1 branch

Inventory:

Hand Weapons
 H - the +6 shillelagh "Devastator" (weapon) {shatter}
   (You found it in the Dungeon)
 I - the +10 morningstar "Vusitso" {flame, +Inv rF++ Stlth+}
   (You found it in the Dungeon)

   It has been specially enchanted to burn those struck by it, causing extra
   injury to most foes and up to half again as much damage against particularly
   susceptible opponents.
   It greatly protects you from fire.
   It lets you turn invisible.
   It makes you more stealthy.
Armour
 c - the +27 Lear's hauberk (worn)
   (You found it in the Dungeon)
 F - the +15 Maxwell's patent armour {-Cast -Tele rElec MR+ rCorr}
   (You found it in the Dungeon)

   It insulates you from electricity.
   It affects your resistance to hostile enchantments.
   It prevents spellcasting.
   It prevents most forms of teleportation.
   It provides partial protection from all sources of acid and corrosion.
 G - the +18 shield of the Gong (worn) {rElec rN+ MR+ EV-5}
   (You found it in the Dungeon)

   It affects your evasion (-5).
   It insulates you from electricity.
   It protects you from negative energy.
   It affects your resistance to hostile enchantments.
Jewellery
 a - the amulet of Symmetry (around neck) {rPois rC++ Regen+}
   (You found it in the Dungeon)

   [amulet of regeneration]

   It greatly protects you from cold.
   It protects you from poison.
   It increases your rate of regeneration.
 b - the ring of Puolah {EV+2 Int+7}
   (You found it in the Dungeon)

   [ring of evasion]

   It affects your evasion (+2).
   It affects your intelligence (+7).
 o - the ring "Xountigg" (right hand) {rC+++ rN+ Dex+4 Stlth-}
   (You found it in the Dungeon)

   [ring of positive energy]

   It affects your dexterity (+4).
   It renders you almost immune to cold.
   It protects you from negative energy.
   It makes you less stealthy.
 z - a +6 ring of dexterity
 A - a +6 ring of dexterity
 B - a +6 ring of intelligence
 C - a +6 ring of intelligence
 D - a +6 ring of strength (left hand)
 E - a +6 ring of strength
 J - the ring "Cadda" {Slay+6 SInv Stlth+}
   (You found it in the Dungeon)

   [ring of see invisible]

   It affects your accuracy and damage with ranged weapons and melee attacks
   (+6).
   It lets you see invisible.
   It makes you more stealthy.
Wands
 w - a wand of disintegration (7)
 x - a wand of iceblast (7)
 y - a wand of acid (7)
Scrolls
 k - 4 scrolls of blinking
 q - 4 scrolls of amnesia
 r - 7 scrolls of fog
 s - 2 scrolls of holy word
 t - 5 scrolls of identify
 u - 5 scrolls of remove curse
 v - 2 scrolls of fear
Potions
 d - 5 potions of might
 e - 10 potions of curing
 g - 5 potions of heal wounds
 h - 6 potions of haste
 i - 7 potions of magic
 j - 3 potions of berserk rage
 l - 2 potions of brilliance
 m - a potion of invisibility
 n - 4 potions of resistance
 p - 5 potions of agility
Comestibles
 f - 5 rations


   Skills:
 * Level 16.2 Fighting
 - Level 14.4 Maces & Flails
 * Level 14.3 Armour
 - Level 4.6 Dodging
 - Level 0.4 Stealth
 - Level 15.1 Shields
 * Level 15.1 Spellcasting
 O Level 27 Invocations


You had 44 spell levels left.
You didn't know any spells.
Your spell library was empty.

Dungeon Overview and Level Annotations

Branches:
Dungeon (1/1)

Altars:
Ashenzari
Cheibriados
Dithmenos
Elyvilon
Fedhas
Gozag
Hepliaklqana
Kikubaaqudgha
Makhleb
Nemelex Xobeh
Okawaru
Qazlal
Ru
Sif Muna
Trog
Uskayaw
Vehumet
Wu Jian
Xom
Yredelemnul
Zin
The Shining One
Beogh
Jiyva
Lugonu


Innate Abilities, Weirdness & Mutations

You are resistant to torment.
Your stone body is resilient. (AC +11)
You are immune to poison.
Your large and strong wings let you fly indefinitely.
You resist negative energy. (rN+)
You are resistant to electric shocks. (rElec)
You can survive without breathing.
You are immune to petrification.
You are immune to rotting.
You are clumsy. (Dex -2)
Your body sometimes deteriorates upon taking damage.
You are weak. (Str -2)


Message History

Cheibriados raises the support of your attributes as your movement slows.
Your Spellcasting skill increases to level 15!
You kill the red draconian!
Cheibriados thoroughly appreciates the change of pace.
You feel somewhat more hungry.
You are engulfed in blazing flames.
The white draconian stormcaller roars!
The white draconian breathes frost at you.
The chilling blast hits you but does no damage.
You hear a sizzling sound!
The purple draconian breathes dispelling energy at you.
The bolt of dispelling energy hits you but does no damage.
The red draconian breathes flames at you.
The searing blast hits you!
Your body deteriorates!
You feel weakened.
The purple draconian breathes dispelling energy at you.
The bolt of dispelling energy hits you!!
* * * LOW HITPOINT WARNING * * *
The purple draconian breathes dispelling energy at you.
The bolt of dispelling energy hits you!!!
You die...

▓......|.
....d.)}=......▓........
.....ddqdd.....▓......†.
...d..dd.......▓........
....qdd)..)d...▓..▓...(.
....d...dd.....▓.▓▓▓..(.
......)d.......▓..▓...(.
...............▓........
▓...@...▓ ▓......©. .
▓▓.☼...▓▓ .▓▓▓▓▓▓▓▓▓
...▓.......▓...▓≈.≈.≈8©8
...............▓.|}))[≈}
.......©.......▓.≈≈[|≈))
▓▓▓▓▓▓▓▓▓▓▓▓▓▓▓▓...≈....
▓≈..≈≈.)) ▓.≈.≈≈).≈
▓...)).).


You could see a green draconian monk, 3 draconians, 3 draconians, 6 draconians,
2 draconians, a white draconian and a white draconian stormcaller.

Vanquished Creatures
  A curse toe (D)
  A deep elf master archer (D)
  A quicksilver dragon (D)
  A draconian knight (D)
  A draconian annihilator (D)
  A spriggan defender (D)
  A reaper (D)
  A stone giant (D)
  An entropy weaver (D)
  7 purple draconians (D)
  2 green draconians (D)
  3 black draconians (D)
  2 white draconians (D)
  2 dire elephants (D)
  A spark wasp (D)
  3 red draconians (D)
  6 yellow draconians (D)
  8 merfolk javelineers (D)
  6 merfolk impalers (D)
  A yaktaur captain (D)
  2 hydras (D)
  3 centaur warriors (D)
  A hell hog (D)
  A dancing weapon (D)
  A sun demon (D)
  3 spriggan berserkers (D)
  An orc high priest (D)
  A sea snake (D)
  A spriggan druid (D)
  An orb spider (D)
  3 wolf spiders (D)
  2 orc knights (D)
  An ugly thing (D)
  3 deep elf magi (D)
  A cyclops (D)
  2 manticores (D)
  A black mamba (D)
  5 spiny frogs (D)
  A rime drake (D)
  A yaktaur (shapeshifter) (D)
  A tormentor (D)
  2 demonic crawlers (D)
  5 komodo dragons (D)
  6 yaktaurs (D)
  A red devil (D)
  A troll (D)
  A jumping spider (D)
  A merfolk (D)
  A wind drake (D)
  3 hornets (D)
  A blink frog (D)
  4 hippogriffs (D)
  2 snapping turtles (D)
  A spriggan (D)
  2 flying skulls (D)
  A wraith (D)
  2 redbacks (D)
  2 tarantellas (D)
  A wyvern (D)
  A yak (D)
  A neqoxec (D)
  3 nagas (D)
  A soldier ant (shapeshifter) (D)
  3 water moccasins (D)
  A hell hound (D)
  4 orc warriors (D)
  4 necrophages (D)
  A wolf (D)
  4 centaurs (D)
  3 ogres (D)
  3 crocodiles (D)
  3 bullfrogs (D)
  2 crimson imps (D)
  6 orc priests (D)
  5 orc wizards (D)
  An iron imp (D)
  3 adders (D)
  3 white imps (D)
  4 ufetubi (D)
  2 adder zombies (D)
  4 orcs (D)
  3 bat skeletons (D)
  A bat zombie (D)
  2 jackals (D)
  A quokka skeleton (D)
  A quokka zombie (D)
193 creatures vanquished.

Notes
Turn   | Place    | Note
-------+----------+-------------------------------------------
     0 | D        | Found the +6 Majin-Bo {vamp, Archmagi MP+6 Int+6}
     0 | D        | Found the +7 great mace "Firestarter" {inner flame, rF++}
     0 | D        | nuthulu the Gargoyle Fighter began the quest for the Orb.
     0 | D        | Reached XP level 1. HP: 14/14 MP: 1/1
     0 | D        | Found a deep blue altar of Sif Muna.
     0 | D        | Found a sacrificial altar of Ru.
     0 | D        | Found a bloodstained altar of Trog.
     0 | D        | Found a stormy altar of Qazlal.
     0 | D        | Found an iron altar of Okawaru.
     0 | D        | Found a sparkling altar of Nemelex Xobeh.
     0 | D        | Found a blossoming altar of Fedhas.
     2 | D        | Found a transporter.
     2 | D        | Found an ancient bone altar of Kikubaaqudgha.
     2 | D        | Found a viscous altar of Jiyva.
     2 | D        | Found a corrupted altar of Lugonu.
     2 | D        | Found a hazy altar of Hepliaklqana.
     2 | D        | Found a burning altar of Makhleb.
     2 | D        | Found an opulent altar of Gozag.
    24 | D        | Found the +9 heavy crossbow "Sniper" {velocity, Acc+∞ SInv}
    24 | D        | Found the +10 dark maul {crush}
    24 | D        | Found the +15 Maxwell's patent armour {-Cast -Tele rElec
                  | MR+ rCorr}
    24 | D        | Found the +18 shield of the Gong {rElec rN+ MR+ EV-5}
    24 | D        | Found the cursed +14 obsidian axe {chop, +Fly SInv *Curse}
    47 | D        | Found the +6 shillelagh "Devastator" {shatter}
    47 | D        | Found the +11 plutonium sword {*Contam Stlth-}
    47 | D        | Found the +8 lance "Wyrmbane" {slay drac, rPois rF+ rC+
                  | AC+3}
    47 | D        | Found the +9 sword of Zonguldrok {reap}
    47 | D        | Found the cursed +13 scythe of Curses {drain, *Curse}
    47 | D        | Found the +0 sword of Power
    47 | D        | Found the +7 mace of Variability {chain chaos}
    47 | D        | Found the +7 Singing Sword {slice, sonic wave}
    47 | D        | Found the +7 longbow "Piercer" {penet, EV-2}
    60 | D        | Became a worshipper of Cheibriados the Contemplative
    67 | D        | Reached XP level 2. HP: 19/19 MP: 2/2
    74 | D        | Entered arena 2.
    74 | D        | Noticed a neqoxec
    74 | D        | Noticed a crimson imp
    74 | D        | Found a transporter.
    80 | D        | Gained mutation: Your body sometimes deteriorates upon
                  | taking damage. [a neqoxec]
    82 | D        | Gained mutation: You are weak. (Str -2) [a neqoxec]
    85 | D        | Gained mutation: You are clumsy. (Dex -2) [a neqoxec]
    86 | D        | Killed a neqoxec
    86 | D        | Reached skill level 10 in Shields
    86 | D        | Reached skill level 3 in Invocations
    86 | D        | Reached XP level 3. HP: 24/24 MP: 2/6
    86 | D        | Reached XP level 4. HP: 30/30 MP: 2/7
    86 | D        | Reached XP level 5. HP: 34/34 MP: 2/8
    89 | D        | Reached skill level 5 in Fighting
    89 | D        | Reached skill level 5 in Armour
   148 | D        | Entered arena 3.
   148 | D        | Noticed a soldier ant
   148 | D        | Noticed a brown ugly thing
   148 | D        | Noticed an ogre
   148 | D        | Found a transporter.
   149 | D        | Found the +8 demon blade "Leech" {vamp, rN+ AC-3 EV-3}
   152 | D        | Noticed a yaktaur
   152 | D        | an ogre changed into a yaktaur
   157 | D        | Killed a soldier ant
   157 | D        | Reached * piety under Cheibriados
   157 | D        | Reached skill level 4 in Invocations
   157 | D        | Reached XP level 6. HP: 35/40 MP: 9/11
   159 | D        | Killed a yaktaur
   159 | D        | Reached ** piety under Cheibriados
   159 | D        | Reached skill level 5 in Invocations
   159 | D        | Reached XP level 7. HP: 41/47 MP: 9/13
   160 | D        | Killed a brown ugly thing
   160 | D        | Reached skill level 5 in Maces & Flails
   160 | D        | Reached skill level 5 in Spellcasting
   160 | D        | Reached skill level 6 in Invocations
   160 | D        | Reached XP level 8. HP: 47/53 MP: 9/15
   198 | D        | Entered arena 4.
   198 | D        | Found a transporter.
   207 | D        | Reached *** piety under Cheibriados
   216 | D        | Entered arena 5.
   216 | D        | Noticed a deep elf mage
   216 | D        | Noticed a +2 vampiric war axe
   216 | D        | Noticed a deep elf mage
   216 | D        | Noticed a deep elf mage
   216 | D        | Found a transporter.
   217 | D        | Found the +8 Wrath of Trog {antimagic, *Rage}
   222 | D        | Killed a deep elf mage
   222 | D        | Reached **** piety under Cheibriados
   222 | D        | Killed a deep elf mage
   222 | D        | Reached skill level 7 in Invocations
   222 | D        | Reached XP level 9. HP: 32/59 MP: 15/18
   223 | D        | Killed a deep elf mage
   223 | D        | Reached ***** piety under Cheibriados
   228 | D        | Killed a +2 vampiric war axe
   228 | D        | Reached skill level 15 in Shields
   228 | D        | Reached skill level 8 in Invocations
   354 | D        | Entered arena 6.
   354 | D        | Found a transporter.
   362 | D        | Got the amulet of Symmetry {rPois rC++ Regen+}
   365 | D        | Entered arena 7.
   365 | D        | Noticed a sun demon
   366 | D        | Found a transporter.
   368 | D        | Reached ****** piety under Cheibriados
   379 | D        | Killed a sun demon
   379 | D        | Reached skill level 10 in Maces & Flails
   379 | D        | Reached XP level 10. HP: 34/65 MP: 20/20
   474 | D        | Entered arena 8.
   474 | D        | Noticed a spiny frog
   475 | D        | Found a transporter.
   478 | D        | Killed a spiny frog
   478 | D        | Reached skill level 9 in Invocations
   485 | D        | Got the ring of Puolah {EV+2 Int+7}
   488 | D        | Entered arena 9.
   489 | D        | Found a transporter.
   507 | D        | Entered arena 10.
   508 | D        | Identified the cursed +3 longbow of Exchange {venom, rN+
                  | Int+3 Dex+4}
   508 | D        | Found a transporter.
   525 | D        | Entered arena 11.
   526 | D        | Found the +27 Lear's hauberk
   526 | D        | Found a transporter.
   561 | D        | Entered arena 12.
   561 | D        | Noticed a spriggan rider
   561 | D        | Noticed a spriggan berserker
   561 | D        | Noticed a spriggan berserker
   561 | D        | Noticed a spriggan defender
   561 | D        | Noticed a dire elephant
   561 | D        | Noticed a dire elephant
   561 | D        | Noticed a wolf spider
   562 | D        | Noticed an elephant
   562 | D        | Identified the +6 quarterstaff "Edeibaop" {flame, Str+5
                  | Dex+4}
   562 | D        | Noticed a spriggan berserker
   562 | D        | Noticed a spriggan druid
   563 | D        | Noticed a death yak
   563 | D        | Noticed an elephant
   565 | D        | Found a transporter.
   566 | D        | Noticed an elephant
   574 | D        | Killed a wolf spider
   574 | D        | Reached skill level 10 in Invocations
   574 | D        | Killed a spriggan defender
   574 | D        | Reached skill level 10 in Fighting
   574 | D        | Reached XP level 11. HP: 42/72 MP: 22/24
   574 | D        | Killed a spriggan berserker
   574 | D        | Reached skill level 1 in Dodging
   574 | D        | Killed a spriggan druid
   574 | D        | Reached skill level 10 in Armour
   574 | D        | Reached skill level 11 in Invocations
   574 | D        | Killed a spriggan berserker
   574 | D        | HP: 1/72 [spriggan berserker/+0 flail (8)]
   576 | D        | Killed a spriggan berserker
   582 | D        | Killed a dire elephant
   582 | D        | Reached skill level 10 in Spellcasting
   585 | D        | Killed a dire elephant
   585 | D        | Reached skill level 12 in Invocations
   672 | D        | Entered arena 13.
   673 | D        | Noticed a reaper
   673 | D        | Noticed a hell hog
   675 | D        | Killed a hell hog
   677 | D        | Found a transporter.
   679 | D        | Killed a reaper
   679 | D        | Reached skill level 13 in Invocations
   679 | D        | Reached XP level 12. HP: 27/80 MP: 9/27
   768 | D        | Entered arena 14.
   769 | D        | Noticed a seven-headed hydra
   770 | D        | Noticed a seven-headed hydra
   772 | D        | Reached skill level 14 in Invocations
   773 | D        | Killed a seven-headed hydra
   773 | D        | Killed a seven-headed hydra
   773 | D        | Reached skill level 15 in Invocations
   776 | D        | Found the +8 storm bow {elec}
   776 | D        | Found a transporter.
   783 | D        | Got the ring "Xountigg" {rC+++ rN+ Dex+4 Stlth-}
   889 | D        | Entered arena 15.
   890 | D        | Noticed an orc high priest
   890 | D        | Identified the +10 morningstar "Tykeo" {chaos, rElec MP+9}
   898 | D        | Killed an orc high priest
   899 | D        | Found a transporter.
   900 | D        | Reached skill level 16 in Invocations
   963 | D        | Entered arena 16.
   964 | D        | Noticed an entropy weaver
   964 | D        | Noticed a spark wasp
   965 | D        | Identified the +8 hand crossbow "Apaiheh" {penet, +Inv
                  | Dex+5}
   967 | D        | Reached skill level 17 in Invocations
   967 | D        | Killed a spark wasp
   967 | D        | Reached XP level 13. HP: 86/86 MP: 22/29
   968 | D        | Killed an entropy weaver
   968 | D        | Reached skill level 18 in Invocations
   969 | D        | Found a transporter.
  1041 | D        | Got the +10 morningstar "Vusitso" {flame, +Inv rF++ Stlth+}
  1044 | D        | Entered arena 17.
  1051 | D        | Reached skill level 19 in Invocations
  1055 | D        | Found a transporter.
  1128 | D        | Got the ring "Cadda" {Slay+6 SInv Stlth+}
  1130 | D        | Entered arena 18.
  1133 | D        | Noticed a deep elf master archer
  1133 | D        | Noticed a yaktaur captain
  1133 | D        | Noticed a merfolk javelineer
  1133 | D        | Noticed a stone giant
  1133 | D        | Identified the ring "Cyceh" {+Blink rPois Int+9}
  1134 | D        | Found the +3 sling "Punk" {acid, rCorr}
  1134 | D        | Identified the +6 quarterstaff of the New World {crush,
                  | Str+2 Int+4}
  1135 | D        | Reached skill level 20 in Invocations
  1136 | D        | Identified the cursed +2 great mace "Jelly's Funeral"
                  | {crush, MR+ Str+3}
  1138 | D        | Killed a yaktaur captain
  1138 | D        | Killed a deep elf master archer
  1138 | D        | Reached skill level 21 in Invocations
  1138 | D        | Killed a merfolk javelineer
  1138 | D        | Killed a stone giant
  1142 | D        | Found a transporter.
  1266 | D        | Entered arena 19.
  1269 | D        | Noticed a merfolk javelineer
  1269 | D        | Noticed a merfolk impaler
  1269 | D        | Noticed a merfolk impaler
  1269 | D        | Noticed a merfolk impaler
  1269 | D        | Noticed a merfolk javelineer
  1269 | D        | Noticed a merfolk impaler
  1269 | D        | Noticed a merfolk impaler
  1269 | D        | Noticed a merfolk javelineer
  1269 | D        | Noticed a merfolk javelineer
  1269 | D        | Identified the +6 falchion of Cataclysm {elec, +Rage Str+4
                  | Int+2}
  1269 | D        | Noticed a merfolk javelineer
  1269 | D        | Noticed a merfolk javelineer
  1269 | D        | Identified the +9 rapier "Usal" {antimagic, rPois rF+
                  | Str+7}
  1269 | D        | Identified the +2 buckler of Qoeb {rN+ Dex+3}
  1270 | D        | Noticed a merfolk javelineer
  1270 | D        | Noticed a merfolk impaler
  1272 | D        | Reached skill level 22 in Invocations
  1273 | D        | Killed a merfolk javelineer
  1273 | D        | Killed a merfolk javelineer
  1273 | D        | Gained mutation: Your large and strong wings let you fly
                  | indefinitely. [Gargoyle growth]
  1273 | D        | Reached XP level 14. HP: 88/94 MP: 14/31
  1273 | D        | Reached skill level 23 in Invocations
  1274 | D        | Reached skill level 24 in Invocations
  1277 | D        | Found a transporter.
  1398 | D        | Entered arena 20.
  1403 | D        | Noticed a red draconian
  1403 | D        | Noticed a purple draconian
  1403 | D        | Noticed a white draconian
  1403 | D        | Noticed a yellow draconian
  1403 | D        | Noticed a green draconian
  1403 | D        | Noticed a yellow draconian
  1403 | D        | Noticed a purple draconian
  1403 | D        | Noticed a black draconian
  1403 | D        | Noticed a quicksilver dragon
  1403 | D        | Noticed a white draconian
  1403 | D        | Noticed a purple draconian
  1403 | D        | Noticed a yellow draconian
  1403 | D        | Noticed a red draconian
  1403 | D        | Noticed a purple draconian
  1403 | D        | Noticed a purple draconian
  1403 | D        | Noticed a curse toe
  1403 | D        | Identified the +8 scythe "Ruangif" {drain, Str+3 Stlth+}
  1403 | D        | Noticed a green draconian
  1403 | D        | Noticed a yellow draconian
  1403 | D        | Noticed a yellow draconian
  1403 | D        | Noticed a black draconian
  1403 | D        | Noticed a purple draconian
  1403 | D        | Noticed a purple draconian
  1405 | D        | Killed a quicksilver dragon
  1406 | D        | Killed a red draconian
  1406 | D        | Killed a yellow draconian
  1406 | D        | Reached skill level 25 in Invocations
  1406 | D        | Killed a red draconian
  1406 | D        | Killed a yellow draconian
  1406 | D        | Killed a yellow draconian
  1407 | D        | Killed a green draconian
  1407 | D        | Killed a black draconian
  1407 | D        | Killed a purple draconian
  1407 | D        | Killed a white draconian
  1407 | D        | Killed a purple draconian
  1407 | D        | Killed a white draconian
  1407 | D        | Killed a yellow draconian
  1407 | D        | Killed a purple draconian
  1407 | D        | Reached skill level 26 in Invocations
  1407 | D        | Killed a purple draconian
  1407 | D        | Killed a black draconian
  1407 | D        | Killed a purple draconian
  1407 | D        | Killed a purple draconian
  1408 | D        | Killed a green draconian
  1409 | D        | Killed a purple draconian
  1409 | D        | Reached skill level 15 in Fighting
  1419 | D        | Killed a yellow draconian
  1428 | D        | Killed a curse toe
  1428 | D        | Reached skill level 27 in Invocations
  1428 | D        | Reached XP level 15. HP: 67/103 MP: 5/33
  1429 | D        | Found a transporter.
  1549 | D        | Entered arena 21.
  1553 | D        | Identified the cursed +1 great sword "Biosaith" {protect,
                  | Str+5}
  1553 | D        | Noticed a purple draconian knight
  1554 | D        | Noticed a green draconian monk
  1554 | D        | Identified the ring "Yckomanu" {rC- rN+ MR+ Str+4 SInv}
  1557 | D        | Killed a purple draconian knight
  1557 | D        | Identified the +7 broad axe of Penuyg {venom, rN+ Int+3}
  1557 | D        | Noticed a white draconian stormcaller
  1558 | D        | Reached skill level 15 in Spellcasting
  1558 | D        | Killed from afar by a purple draconian

Skill      XL: |  1  2  3  4  5  6  7  8  9 10 11 12 13 14 15 |
---------------+----------------------------------------------+-----
Shields        | 8 10 11 12 13 14 15 | 15.1
Fighting       | 4 5 6 7 8 10 11 12 13 15 16 | 16.2
Armour         | 4 5 6 7 8 9 11 12 13 14 | 14.3
Spellcasting   | 2 3 4 5 6 7 9 11 12 13 14 15 | 15.1
Invocations    | 3 4 5 6 7 8 10 13 17 22 27 | 27.0
Maces & Flails | 3 4 5 7 10 12 14 | 14.4
Dodging        | 2 3 4 |  4.6
Stealth        | |  0.4

Action                   |  1- 3 |  4- 6 |  7- 9 | 10-12 | 13-15 || total
-------------------------+-------+-------+-------+-------+-------++-------
Melee: Shillelagh        |    11 |    11 |    35 |    42 |    21 ||   120
Invok: Slouch            |       |       |       |    16 |    28 ||    44
  Use: Potion            |     1 |       |       |     5 |     2 ||     8
 Stab: Invisible         |       |       |       |     3 |       ||     3
  Eat: Ration            |       |       |       |     1 |     1 ||     2
Armor: Plate armour      |     6 |    11 |    10 |    14 |       ||    41
       Chain mail        |       |       |       |    40 |    24 ||    64
Dodge: Dodged            |       |       |     2 |    14 |     5 ||    21
Block: Shield            |    18 |    15 |    48 |   118 |    53 ||   252
